 Dungeon Crawl Stone Soup version 0.17.1-3-g152610e (webtiles) character file.

46 kaze the Ruffian (level 3, -3/28 HPs)
             Began as a Draconian Transmuter on Apr 8, 2016.
             Slain by Urist's ghost (8 damage)
             ... in a sewer.
             The game lasted 00:09:23 (1974 turns).

kaze the Ruffian (Draconian Transmuter)             Turns: 1974, Time: 00:09:24

Health: -3/28      AC:  5    Str: 12    XL:     3   Next: 44%
Magic:  0/6        EV: 12    Int: 14    God:
Gold:   120        SH:  0    Dex: 11    Spells: 2 memorised, 3 levels left

rFire  . . .     SeeInvis .     n - +0 long sword
rCold  . . .     Clarity  .     (armour unavailable)
rNeg   . . .     SustAt   .     (no shield)
rPois  .         Gourm    .     p - +0 hat {Spirit}
rElec  .         Spirit   +     (no cloak)
rCorr  .         Warding  .     (no gloves)
rMut   .         Stasis   .     (no boots)
MR     .....                    (no amulet)
Stlth  +.........               (no ring)
                                (no ring)

@: not resistant to hostile enchantments, very unstealthy
A: unfitting armour, cold-blooded, AC +5
a: no special abilities


You were in a sewer.
You were not hungry.

You visited 1 branch of the dungeon, and saw 3 of its levels.
You also visited: Sewer.

You collected 120 gold pieces.

Inventory:

Hand Weapons
 n - a +0 long sword (weapon)
Missiles
 a - 42 arrows
 f - 14 bolts of flame
Armour
 p - a +0 hat of spirit shield (worn)
Magical Staves
 o - an uncursed staff of air
Scrolls
 e - a scroll of identify {unknown}
 h - 3 scrolls of amnesia {unknown}
 i - 4 scrolls of remove curse {unknown}
 j - a scroll of magic mapping {unknown}
 k - 2 scrolls of recharging {unknown}
 l - 2 scrolls of teleportation {unknown}
Potions
 c - a potion of poison {unknown}
 d - a potion of agility {unknown}
 m - a potion of might {unknown}
 q - 2 potions of curing {unknown}
Books
 b - a book of Changes

   Spells                             Type                      Level
   a - Beastly Appendage              Transmutation                1
   b - Sticks to Snakes               Transmutation                2
   c - Spider Form                    Transmutation/Poison         3
   d - Ice Form                       Ice/Transmutation            4
   e - Blade Hands                    Transmutation                5
Comestibles
 g - a meat ration
 r - a bread ration
 s - 2 fruits
 t - 9 chunks of flesh


   Skills:
 + Level 1.2 Fighting
 + Level 0.2 Long Blades
 + Level 2.4 Dodging
 + Level 0.4 Stealth
 + Level 3.4 Unarmed Combat
 + Level 2.3 Spellcasting
 + Level 2.2 Transmutations


You had 3 spell levels left.
You knew the following spells:

 Your Spells              Type           Power        Failure   Level  Hunger
a - Beastly Appendage     Trmt           #.....       12%         1    #......
b - Sticks to Snakes      Trmt           #.........   17%         2    ###....


Dungeon Overview and Level Annotations

Branches:
Dungeon (3/15)

Altars:
Trog

Annotations:
Sewer Urist's ghost, amateur HOFi


Innate Abilities, Weirdness & Mutations

Your plain brown scales are hard (AC +5).
Your body does not fit into most forms of armour.
You are cold-blooded and may be slowed by cold attacks.


Message History

You hit Urist's ghost. You headbutt Urist's ghost.
Urist's ghost is lightly damaged.
Urist's ghost hits you. x2
You hit Urist's ghost.
Urist's ghost is moderately damaged.
Urist's ghost hits you!
You barely miss Urist's ghost.
Urist's ghost is moderately damaged.
Urist's ghost hits you. x2
* * * LOW HITPOINT WARNING * * *
Unknown command.
You are too injured to fight recklessly!
You are too injured to fight recklessly!
You enter the shallow water.
Moving in this stuff is going to be slow.
Your horns disappear.
Urist's ghost hits you.
* * * LOW HITPOINT WARNING * * *
Urist's ghost hits you!
You die...

##########################
≈..≈≈≈≈≈≈≈≈..≈W@..≈≈≈≈≈≈∩#
...≈.≈.≈≈≈≈≈≈.≈...≈..≈.≈∩#
##########################


You could see Urist's ghost.

Vanquished Creatures
  An adder (D:2)
  A worm (D:2)
  8 bats
  2 goblins
  3 hobgoblins
  A quokka (D:2)
  2 ball pythons (D:3)
  2 giant cockroaches
  A giant gecko (D:2)
  2 giant newts
  4 kobolds
  11 rats
38 creatures vanquished.

Vanquished Creatures (collateral kills)
  A hobgoblin (D:2)
1 creature vanquished.

Grand Total: 39 creatures vanquished

Notes
Turn   | Place    | Note
--------------------------------------------------------------
     0 | D:1      | kaze the Draconian Transmuter began the quest for the Orb.
     0 | D:1      | Reached XP level 1. HP: 16/16 MP: 3/3
   396 | D:1      | Reached XP level 2. HP: 21/23 MP: 5/5
   754 | D:2      | Learned a level 2 spell: Sticks to Snakes
   807 | D:2      | Found a bloodstained altar of Trog.
  1391 | D:2      | Reached XP level 3. HP: 25/28 MP: 6/6
  1916 | D:3      | Found a glowing drain.
  1942 | Sewer    | Entered a sewer
  1960 | Sewer    | Noticed Urist's ghost (amateur HOFi)
  1974 | Sewer    | Slain by Urist's ghost

Action                   || total
-------------------------++-------
Melee: Dagger            ||    76
       Unarmed           ||    12
       Long sword        ||    52
 Cast: Beastly Appendage ||     9
       Sticks to Snakes  ||     4
  Eat: Bread ration      ||     1
